 Dungeon Crawl Stone Soup version 0.32-a0-607-g64ea0e4219 (webtiles) character file.

Game seed: 2856311562365081109

65 gimp the Insei (level 3, 0/29 HPs)
             Began as a Demigod Shapeshifter on Mar 3, 2024.
             Killed from afar by Sigmund (4 damage)
             ... with a puff of flame
             ... on level 2 of the Dungeon.
             The game lasted 00:02:40 (1389 turns).

gimp the Insei (Demigod Shapeshifter)               Turns: 1389, Time: 00:02:40

Health: 0/29       AC:  2    Str: 12 (15) XL:     3   Next: 66%
Magic:  5/5        EV: 12    Int: 11 (12) God:
Gold:   54         SH:  0    Dex: 14 (17) Spells: 2/2 levels left

rFire   + .          .
                       - Unarmed
rCold   + . .        (no shield)
rNeg    . . .        a - +0 animal skin
rPois   +            (helmet currently unavailable)
rElec   +            (cloak currently unavailable)
rCorr   +            (gloves currently unavailable)
SInv    .            (boots currently unavailable)
Will    .....        (no amulet)
Stlth   +            (no ring)
HPRegen 0.24/turn    (no ring)
MPRegen 0.09/turn

%: no passive effects
@: confused, beast-form, resistant
A: beast (slay +1), high MP 1, forlorn, divine attributes
a: Begin Untransformation


You were on level 2 of the Dungeon.
You were a hulking beast.
You visited 1 branch of the dungeon, and saw 2 of its levels.

You collected 54 gold pieces.

Inventory:

Armour
 a - a +0 animal skin (worn)
Talismans
 c - a beast talisman (active)
 d - a flux talisman
 o - a storm talisman
Scrolls
 h - a scroll of vulnerability
 i - 2 scrolls of noise
 j - a scroll of amnesia
 k - a scroll of fog
 n - a scroll of teleportation


   Skills:
 + Level 2.1 Fighting
 - Level 1.7 Dodging
 * Level 3.9 Unarmed Combat
 - Level 2.6 Shapeshifting


You had 2 spell levels left.
You didn't know any spells.
Your spell library was empty.

Dungeon Overview and Level Annotations

Branches:
Dungeon (2/15)

Annotations:
D:2 Sigmund


Innate Abilities, Weirdness & Mutations

You are a hulking beast.
Your limbs bulge with bestial killing power. (Slay +1)
You have an increased reservoir of magic. (+10% MP)
You shall have no god before yourself.
Your divine heritage dramatically boosts your attributes as you level up.


Message History

Your Fighting skill increases to level 2!
You barely miss the goblin.
Sigmund hits you from afar with a +0 scythe.
The goblin hits you but does no damage.
You take 3 damage, and have 13/43 hp.
You hit the goblin.
You kill the goblin!
Sigmund casts a spell at you.
The magic dart hits you but does no damage.
It was a potion of curing.
You feel better. Sigmund hits you but does no damage.
You regained 11 hp, and now have 24/43 hp.
It was a potion of degeneration.
There was something very wrong with that liquid.
You feel weakened.
You feel dopey.
You feel clumsy.
It was a potion of resistance.
You feel protected.
Sigmund casts a spell.
Sigmund flickers and vanishes!
Deactivating autopickup; reactivate with Ctrl-A.
It was a potion of heal wounds.
You feel much better. Something hits you.
You regained 8 hp, and now have 32/43 hp.
You aren't carrying any items that you can evoke.
Unknown command.
Okay, then.
As you read the scroll labelled BUXEKI GUCI, it crumbles to dust.
It is a scroll of identify.
h - a scroll of vulnerability Something hits you.
You take 5 damage, and have 27/43 hp.
As you read the scroll of identify, it crumbles to dust.
n - a scroll of teleportation
As you read the scroll of identify, it crumbles to dust.
k - a scroll of fog You hear some strange, mumbled words.
A puff of flame appears from out of thin air!
The puff of flame hits you. You resist.
You take 5 damage, and have 22/43 hp.
As you read the scroll of identify, it crumbles to dust.
j - a scroll of amnesia Something hits you.
You take 2 damage, and have 20/43 hp.
As you read the scroll of identify, it crumbles to dust.
i - 2 scrolls of noise Something hits you but does no damage.
Okay, then.
Something completely misses you.
A quokka comes into view.
Something hits you but does no damage. Something hits you.
You take 4 damage, and have 17/43 hp.
You feel better. Something hits you but does no damage.
You regained 10 hp, and now have 27/43 hp.
You aren't carrying any items that you can evoke.
Unknown command.
Sorry, you're not good enough to have a special ability.
Unknown command.
Okay, then.
Something hits you.
You take 1 damage, and have 27/43 hp.
Your transformation is almost over.
Something hits you!
The quokka bites you but does no damage.
You take 8 damage, and have 19/43 hp.
You smack the quokka!
You kill the quokka!
You cannot move.
You hear some strange, mumbled words.
You are confused.
You hear some strange, mumbled words.
You are more confused.
Something hits you but does no damage. Something hits you but does no damage.
You hear some strange, mumbled words.
A puff of flame appears from out of thin air!
The puff of flame hits you but does no damage.
You hear some strange, mumbled words.
Something tries to affect you, but you resist.
Something hits you but does no damage.
You feel less wooden.
Your +0 animal skin unmelds from your body.
You turn into a hulking beast.
You hear some strange, mumbled words.
You are more confused.
You now have 15/29 hp.
You are too confused!
Unknown command.
You aren't carrying any potions.
Unknown command.
Something hits you!
* * * LOW HITPOINT WARNING * * *
You take 7 damage, and have 8/29 hp.
MASSIVE DAMAGE!!
Something hits you but does no damage.
A magic dart appears from out of thin air!
The magic dart hits you.
* * * LOW HITPOINT WARNING * * *
You take 4 damage, and have 4/29 hp.
A puff of flame appears from out of thin air!
The puff of flame hits you. You resist.
You die...

.....................#.##....##..
..g..........................###.
.........##....###.##.........##.
.†.......##..... .#+.$.......##.
..#########...######+...$.....###
..# ##..{).)............# ..#
#..........##......#
.....gggg.##....).....##......#
..g...g.g.......h.....##......#
....g..g..?....................
...######..............#####...
..... ................ .. .....
.............#### .....
......######## ...... ......


There were no monsters in sight!

Vanquished Creatures
  Robin (D:2)
  2 adders (D:2)
  A dart slug (D:2)
  3 ball pythons
  4 hobgoblins
  A kobold (D:2)
  2 quokkas
  3 bats
  3 frilled lizards
  12 goblins
32 creatures vanquished.

Notes
Turn   | Place    | Note
-------+----------+-------------------------------------------
     0 | D:1      | gimp the Demigod Shapeshifter began the quest for the Orb.
     0 | D:1      | Reached XP level 1. HP: 15/15 MP: 3/3
   218 | D:1      | Reached skill level 1 in Fighting
   431 | D:1      | Reached skill level 3 in Unarmed Combat
   825 | D:2      | Reached XP level 2. HP: 18/23 MP: 4/4
   902 | D:2      | Noticed Sigmund
  1022 | D:2      | Noticed Robin
  1086 | D:2      | Reached XP level 3. HP: 25/29 MP: 5/5
  1354 | D:2      | Killed Robin
  1389 | D:2      | Killed from afar by Sigmund

Illustrated notes

Levels and vault maps discovered:
D:1:      dpeg_arrival_tiny_a, layout_basic
D:2:      layout_basic, shapermc_ecumenical_altar_acropolis,
          kennysheep_generic_room_2, uniq_robin, uniq_sigmund

Skill      XL: |  1  2  3 |
---------------+----------+-----
Fighting       | 1 2 |  2.1
Unarmed Combat | 3 |  3.9
Dodging        | |  1.7
Shapeshifting  | |  2.6

Action                     || total
---------------------------++-------
  Melee: Unarmed           ||    90
    Use: Potion            ||     6
         Scroll            ||     5
 Armour: Animal skin       ||    56
         Skin              ||    27
  Dodge: Dodged            ||    55

Table legend: (Time is in decaauts)
 A = Elapsed time spent in this place.
 B = Non-inter-level travel time spent in this place.
 C = Inter-level travel time spent in this place.
 D = Time resting spent in this place.
 E = Time spent auto-exploring this place.
 F = Levels seen in this place.
 G = Mean time per level.
                   A        B        C        D        E       F      G
               +--------+--------+--------+--------+--------+-----+--------+
         Total |   1383 |   1340 |     43 |      3 |   1046 |   2 |  691.5 |
       Dungeon |   1383 |   1340 |     43 |      3 |   1046 |   2 |  691.5 |
               +--------+--------+--------+--------+--------+-----+--------+

Top non-repeatable levels by time:
     D:1: 797 daAuts
     D:2: 585 daAuts
